 Dungeon Crawl Stone Soup version 0.30-a0-883-g5ad918d77d (webtiles) character file.

Game seed: 6877365431278668319

30 Newt the Trooper (level 3, -6/29 HPs)
             Began as a Demonspawn Gladiator on Mar 16, 2023.
             Killed from afar by Natasha (8 damage)
             ... with a magic dart
             ... on level 2 of the Dungeon.
             The game lasted 00:01:26 (1447 turns).

Newt the Trooper (Demonspawn Gladiator)             Turns: 1447, Time: 00:01:27

Health: -6/29      AC:  4    Str: 14    XL:     3   Next: 3%
Magic:  0/3        EV: 12    Int:  9    God:
Gold:   53         SH:  0    Dex: 16    Spells: 2/2 levels left

rFire   . . .      SeeInvis .    p - +4 sling
rCold   . . .      Faith    .    (no shield)
rNeg    . . .      Spirit   +    b - +1 leather armour
rPois   +          Reflect  .    (helmet restricted)
rElec   .          Rampage  .    (no cloak)
rCorr   .                        (no gloves)
Will    .....                    (no boots)
Stlth   ++                       f - amulet of guardian spirit
HPRegen 0.24/turn                k - ring of poison resistance
MPRegen 0.08/turn                (no ring)

@: no status effects
A: antennae 1
a: no special abilities


You were on level 2 of the Dungeon.
You visited 1 branch of the dungeon, and saw 2 of its levels.

You collected 53 gold pieces.

Inventory:

Hand Weapons
 a - a +0 rapier
 p - a +4 sling (weapon)
Missiles
 d - 3 throwing nets
 e - a javelin
Armour
 b - a +1 leather armour (worn)
 c - a +0 helmet
Jewellery
 f - an amulet of guardian spirit (around neck)
 k - a ring of poison resistance (left hand)
Scrolls
 g - 3 scrolls of fear
 h - a scroll of poison
Potions
 m - a potion of invisibility
 q - a potion of berserk rage


   Skills:
 + Level 3.0 Fighting
 - Level 2.6 Short Blades
 - Level 1.7 Throwing
 - Level 2.6 Dodging
 - Level 1.5 Stealth


You had 2 spell levels left.
You didn't know any spells.
Your spell library was empty.

Dungeon Overview and Level Annotations

Branches:
Dungeon (2/15)

Altars:

Shops:
D:1 [

Annotations:
D:2 Natasha


Innate Abilities, Weirdness & Mutations

You have a pair of small antennae on your head.


Message History

Natasha is nearby!
You shoot a sling bullet. The sling bullet hits Natasha!
Natasha is heavily wounded.
Natasha zaps a wand.
The puff of flame misses you.
Natasha zaps a wand.
The puff of flame misses you.
You shoot a sling bullet.
The sling bullet closely misses Natasha.
Natasha zaps a wand.
The puff of flame hits you!
You shoot a sling bullet. The sling bullet hits Natasha.
Natasha is severely wounded.
You shoot a sling bullet. The sling bullet hits Natasha.
Natasha is almost dead.
Natasha zaps a wand.
The puff of flame hits you!
You are too injured to fight recklessly!
You are too injured to fight recklessly!
You are too injured to fight recklessly!
You are too injured to fight recklessly!
Natasha is nearby!
Natasha is nearby!
Unknown command.
Fire: p) +4 sling
Press: ? - help, Shift-Dir - straight line, f/p - Natasha
Aim: Natasha, carrying a wand of flame (1) (almost dead, 56% to hit)
You shoot a sling bullet.
The sling bullet closely misses Natasha.
Natasha zaps a wand.
The puff of flame hits you!
* * * LOW HITPOINT WARNING * * *
The now-empty wand crumbles to dust.
Fire: p) +4 sling
Press: ? - help, Shift-Dir - straight line, f/p - Natasha
Aim: Natasha (almost dead, 56% to hit)
Fire: p) +4 sling
Press: ? - help, Shift-Dir - straight line, f/p - Natasha
Aim: Natasha (almost dead, 56% to hit)
You shoot a sling bullet.
The sling bullet hits Natasha but does no damage.
Natasha is almost dead.
Natasha stares at you and mumbles some strange words.
The magic dart hits you!
You die...

**,***,*,,,,,****,,,,,,,*****,*
,,,* *,*,,****##*,,,,*,** *,*
,,,* *,,,,* #.,,,,,,,******,*
*,** *,*,*#***#.*,,,,,,,,,,,,,*
*,* *,*,*#.,,#.,,****,********
*,* *,*,*#..,#.*** *,# *,*
*,*,##.$.#.* *.#
,,****,*,......h######.##****
,,,,,,,,,....>..@........,,,*
*********######....#.#.#,**,*
####.#.#.#,**,* **
#######.......#,**,* ,*
#....####.#.#.#,**,* ,*
#####.....<)......#,**,*
.#####.....##.##.###.###,**,*
...##..###.##........# *,**,*
.#.##............#####**,**,*


You could see Natasha.

Vanquished Creatures
  An adder (D:2)
  An endoplasm (D:1)
  A giant cockroach (D:1)
  2 goblins
  5 hobgoblins (D:1)
  A quokka (D:1)
  A ball python (D:1)
  3 bats (D:1)
  A frilled lizard (D:1)
  3 kobolds
  A rat (D:1)
20 creatures vanquished.

Notes
Turn   | Place    | Note
-------+----------+-------------------------------------------
     0 | D:1      | Newt the Demonspawn Gladiator began the quest for the Orb.
     0 | D:1      | Reached XP level 1. HP: 16/16 MP: 1/1
    88 | D:1      | Reached skill level 1 in Stealth
   219 | D:1      | Found Oguitat's Antique Armour Emporium.
   233 | D:1      | Gained mutation: You have a pair of small antennae on your
                  | head. [demonic ancestry]
   233 | D:1      | Reached XP level 2. HP: 22/22 MP: 0/2
  1397 | D:2      | Reached skill level 3 in Fighting
  1397 | D:2      | Reached XP level 3. HP: 27/29 MP: 1/3
  1441 | D:2      | Noticed Natasha
  1447 | D:2      | Killed from afar by Natasha

Illustrated notes

Levels and vault maps discovered:
D:1:      amcnicky_arrival_choice, layout_basic, serial_shops,
          nicolae_lakefront_shop
D:2:      layout_basic, supply_closet_lemuel, guppyfry_early_lair_pool,
          uniq_natasha

Skill      XL: |  1  2 |
---------------+-------+-----
Stealth        | 1 |  1.5
Fighting       | 3 |  3.0
Short Blades   | |  2.6
Throwing       | |  1.7
Dodging        | |  2.6

Action                     || total
---------------------------++-------
  Melee: Rapier            ||    37
         Punch             ||     1
   Fire: Sling             ||    21
    Use: Scroll            ||     9
         Potion            ||     1
   Stab: Sleeping          ||     3
 Armour: Leather armour    ||    14
  Dodge: Dodged            ||    27

Table legend: (Time is in decaauts)
 A = Elapsed time spent in this place.
 B = Non-inter-level travel time spent in this place.
 C = Inter-level travel time spent in this place.
 D = Time resting spent in this place.
 E = Time spent auto-exploring this place.
 F = Levels seen in this place.
 G = Mean time per level.
                   A        B        C        D        E       F      G
               +--------+--------+--------+--------+--------+-----+--------+
         Total |   1473 |   1365 |    108 |    169 |   1031 |   2 |  736.5 |
       Dungeon |   1473 |   1365 |    108 |    169 |   1031 |   2 |  736.5 |
               +--------+--------+--------+--------+--------+-----+--------+

Top non-repeatable levels by time:
     D:1: 1190 daAuts
     D:2: 282 daAuts
